 Dungeon Crawl Stone Soup version 0.29-a0-219-g0a02b1cf4f (console) character file.

Game seed: 5094186636528659015

2 jejorda2 the Bolt Thrower (level 1, 0/12 HPs)
             Began as a Kobold Hunter on Feb 25, 2022.
             Slain by a kobold
             ... wielding a +0 mace
              (3 damage)
             ... on level 1 of the Dungeon.
             The game lasted 00:00:35 (37 turns).

jejorda2 the Bolt Thrower (Kobold Hunter)             Turns: 37, Time: 00:00:36

Health: 0/12       AC:  3    Str:  9    XL:     1   Next: 44%
Magic:  1/1        EV: 14    Int: 12    God:
Gold:   0          SH:  0    Dex: 15    Spells: 0/0 levels left

rFire   . . .      SeeInvis .   a - +1 hand crossbow
rCold   . . .      Faith    .   (no shield)
rNeg    . . .      Spirit   .   b - +0 leather armour
rPois   .          Reflect  .   (no helmet)
rElec   .          Harm     .   (no cloak)
rCorr   .          Rampage  .   (no gloves)
Will    .....                   (no boots)
Stlth   +++.......              (no amulet)
HPRegen 0.04/turn               (no ring)
MPRegen 0.07/turn               (no ring)

@: no status effects
A: small, no large weapons, nightstalker 3
a: no special abilities


You were on level 1 of the Dungeon.
You visited 1 branch of the dungeon, and saw 1 of its levels.

Inventory:

Hand Weapons
 a - a +1 hand crossbow (weapon)
Armour
 b - a +0 leather armour (worn)


   Skills:
 - Level 2.1 Fighting
 * Level 5.4 Crossbows
 - Level 2.4 Dodging
 + Level 1.6 Stealth


You couldn't memorise any spells.
You didn't know any spells.
Your spell library was empty.

Dungeon Overview and Level Annotations

Branches:
Dungeon (1/15)

Altars:


Innate Abilities, Weirdness & Mutations

You are small and have problems with some larger weapons.
You are completely attuned to the shadows.


Message History

Aim: a kobold, wielding a +0 mace (heavily wounded, 58% to hit)
You shoot a bolt. The bolt closely misses the kobold.
The kobold barely misses you.
Unknown command.
Shoot: a) +1 hand crossbow
Press: ? - help, Q - select action Shift-Dir - straight line, f/p - kobold
Aim: a kobold, wielding a +0 mace (heavily wounded, 58% to hit)
You shoot a bolt. The bolt closely misses the kobold.
The kobold misses you.
Unknown command.
Shoot: a) +1 hand crossbow
Press: ? - help, Q - select action Shift-Dir - straight line, f/p - kobold
Aim: a kobold, wielding a +0 mace (heavily wounded, 58% to hit)
You shoot a bolt. The bolt hits the kobold.
The kobold is severely wounded.
The kobold misses you.
Shoot: a) +1 hand crossbow
Press: ? - help, Q - select action Shift-Dir - straight line, f/p - kobold
Aim: a kobold, wielding a +0 mace (severely wounded, 58% to hit)
You shoot a bolt.
The bolt hits the kobold but does no damage.
The kobold is severely wounded.
The kobold hits you with a +0 mace.
* * * LOW HITPOINT WARNING * * *
The kobold completely misses you.
Shoot: a) +1 hand crossbow
Press: ? - help, Q - select action Shift-Dir - straight line, f/p - kobold
Aim: a kobold, wielding a +0 mace (severely wounded, 58% to hit)
You shoot a bolt.
The bolt hits the kobold but does no damage.
The kobold is severely wounded.
The kobold misses you.
Shoot: a) +1 hand crossbow
Press: ? - help, Q - select action Shift-Dir - straight line, f/p - kobold
Aim: a kobold, wielding a +0 mace (severely wounded, 58% to hit)
You shoot a bolt.
The bolt hits the kobold but does no damage.
The kobold is severely wounded.
The kobold hits you with a +0 mace.
You die...

..........##..≈≈#
..........##..§≈#
....<.....8'..§§+
..........'#..§≈#
..........##(.§≈#
.........###..≈##
##8#8'8### #####
#####'####
.§§K@....§
≈§§§§...§≈
##§§§≈≈≈§#
####+####


You could see a kobold.

Vanquished Creatures
  2 goblins (D:1)
2 creatures vanquished.

Notes
Turn   | Place    | Note
-------+----------+-------------------------------------------
     0 | D:1      | jejorda2 the Kobold Hunter began the quest for the Orb.
     0 | D:1      | Reached XP level 1. HP: 12/12 MP: 1/1
    37 | D:1      | Slain by a kobold

Illustrated notes

Levels and vault maps discovered:
D:1:      dpeg_arrival_morbid_curiosity, layout_basic,
          chequers_ecumenical_altar_lobes

Action                   || total
-------------------------++-------
 Fire: Hand crossbow     ||    12
Dodge: Dodged            ||     7

Table legend: (Time is in decaauts)
 A = Elapsed time spent in this place.
 B = Non-inter-level travel time spent in this place.
 C = Inter-level travel time spent in this place.
 D = Time resting spent in this place.
 E = Time spent auto-exploring this place.
 F = Levels seen in this place.
 G = Mean time per level.
                   A        B        C        D        E       F      G
               +--------+--------+--------+--------+--------+-----+--------+
         Total |     40 |     40 |      0 |      0 |     20 |   1 |   40.0 |
       Dungeon |     40 |     40 |      0 |      0 |     20 |   1 |   40.0 |
               +--------+--------+--------+--------+--------+-----+--------+

Top non-repeatable levels by time:
     D:1: 40 daAuts
